 Dungeon Crawl Stone Soup version 0.20.1-1-g8b1a95d66d (webtiles) character file.

156 Gargoyl the Skirmisher (level 5, -1/46 HPs)
             Began as a Centaur Abyssal Knight on Nov 22, 2017.
             Was a Follower of Lugonu.
             Slain by a gnoll
             ... wielding a +0 spear
              (4 damage)
             ... on level 3 of the Dungeon.
             The game lasted 00:05:40 (2389 turns).

Gargoyl the Skirmisher (Centaur Abyssal Knight)     Turns: 2389, Time: 00:05:40

Health: -1/46      AC:  7    Str: 14    XL:     5   Next: 15%
Magic:  7/7        EV:  7    Int: 11    God:    Lugonu [*.....]
Gold:   103        SH:  4    Dex: 10    Spells: 4/4 levels left

rFire    . . .     SeeInvis .   a - +1 hand axe
rCold    . . .     Gourm    .   f - +1 buckler {rN+}
rNeg     + . .     Faith    .   m - +0 ring mail
rPois    .         Spirit   .   j - +0 helmet
rElec    .         Reflect  .   (no cloak)
rCorr    .         Harm     .   (no gloves)
MR       .....                  (no barding)
Stlth    ..........             (no amulet)
Regen    0.2/turn               (no ring)
MPRegen  0.1/turn               (no ring)

@: very quick
A: hooves 3, deformed body, speed 2, tough skin 3
a: Depart the Abyss, Renounce Religion


You were on level 3 of the Dungeon.
You worshipped Lugonu.
Lugonu was aware of your devotion.
You were hungry.

You visited 1 branch of the dungeon, and saw 3 of its levels.
You visited the Abyss 1 time.

You collected 103 gold pieces.

Inventory:

Hand Weapons
 a - a +1 hand axe (weapon)
Armour
 f - a +1 buckler of positive energy (worn)
 j - a +0 helmet (worn)
 m - a +0 ring mail (worn)
Scrolls
 e - a scroll of fear
 h - 3 scrolls of identify
Potions
 g - 2 potions of mutation {unknown}
 i - a potion of lignification {unknown}
 k - a potion of might {unknown}
 l - 2 potions of curing
 q - a potion of cancellation {unknown}
 s - a potion of resistance {unknown}
Books
 d - a book of Death

   Spells                             Type                      Level
   a - Corpse Rot                     Necromancy                   2
   b - Sublimation of Blood           Necromancy                   2
   c - Agony                          Necromancy                   5
   d - Dispel Undead                  Necromancy                   5
   e - Excruciating Wounds            Charms/Necromancy            5
   f - Bolt of Draining               Conjuration/Necromancy       5
Comestibles
 b - 2 fruits
 c - 3 bread rations


   Skills:
 + Level 3.8 Fighting
 + Level 2.8 Axes
 * Level 2.3 Armour
 + Level 0.9 Dodging
 + Level 0.3 Shields
 * Level 3.0 Invocations


You had 4 spell levels left.
You didn't know any spells.

Dungeon Overview and Level Annotations

Branches:
Dungeon (3/15)

Altars:
Nemelex Xobeh
Qazlal
Ru


Innate Abilities, Weirdness & Mutations

You have hooves in place of feet.
Armour fits poorly on your strangely shaped body.
You cover ground very quickly.
You have extremely tough skin. (AC +3)


Message History

Unknown command.
You barely miss the gnoll. You hit the gnoll. You block the gnoll's attack.
The gnoll hits you with a spear. The gnoll barely misses you.
Unknown command.
You barely miss the gnoll. You hit the gnoll. The gnoll hits you with a spear!
* * * LOW HITPOINT WARNING * * *
The gnoll hits you.
* * * LOW HITPOINT WARNING * * *
You hit the gnoll but do no damage. You kick the gnoll.
The gnoll is lightly wounded.
You hit the gnoll but do no damage. The gnoll hits you with a spear.
* * * LOW HITPOINT WARNING * * *
The gnoll hits you.
* * * LOW HITPOINT WARNING * * *
Unknown command.
You hit the gnoll.
The gnoll is moderately wounded.
Your ring mail prevents you from hitting the gnoll.
The gnoll hits you with a spear.
You die...

*,,,,,,,,,,,,,,,,,,,,*,*,,,**,*
*,,,,,,,,,,,,,,,,,,,,*,******,*
*,,,,,,,,,,,,,,,,,,,,*,,,,,,,,*
*,,,,,,,,**********,,****,***,*
***,,,,,,,,,,,,,,,,,,,*,,,,,*,*
*,****************,,*,*<,,*,* ***
**,*,**###>* #######...,,..?.#*
********** #.@g......,,.....##
........)######g######..,,<......
.........#.......#****,,,,,,...#.
........,#.#.....#,,,,*,,****,#..
......+#######'..#,**,*,,* *,#..
......#...#...#..#,**,**,** *,*#.
......#...#...#..#.#*.#*,,* *,*#.
......#.))....#..#.##.#*,,***,*#.
......###._.###..#....,,,,,**,*#.


You could see 2 gnolls.

Vanquished Creatures
  An orc wizard (D:3)
  2 gnolls (D:3)
  6 adders
  An ooze (D:2)
  2 worms
  A dart slug (D:1)
  3 leopard geckos (D:2)
  3 ball pythons
  3 giant cockroaches
  3 goblins
  3 hobgoblins
  3 kobolds
  A quokka (D:3)
  8 bats
  2 frilled lizards
  3 rats
45 creatures vanquished.

Notes
Turn   | Place    | Note
-------+----------+-------------------------------------------
     0 | Abyss:1  | Gargoyl the Centaur Abyssal Knight began the quest for the Orb.
     0 | Abyss:1  | Reached XP level 1. HP: 19/19 MP: 2/2
    72 | Abyss:2  | Found a viscous altar of Jiyva.
    85 | Abyss:2  | Noticed an orange demon
    86 | D:1      | Escaped the Abyss
   313 | D:1      | Reached XP level 2. HP: 25/26 MP: 3/3
   887 | D:2      | Reached XP level 3. HP: 26/31 MP: 4/4
  1026 | D:2      | Reached * piety under Lugonu
  1533 | D:2      | Found a sparkling altar of Nemelex Xobeh.
  1574 | D:2      | Reached XP level 4. HP: 37/39 MP: 6/6
  1779 | D:2      | Found a stormy altar of Qazlal.
  2262 | D:3      | Found a sacrificial altar of Ru.
  2379 | D:3      | Reached XP level 5. HP: 33/46 MP: 7/7
  2388 | D:3      | HP: 2/46 [gnoll (6)]
  2389 | D:3      | Slain by a gnoll

Skill      XL: |  1  2  3  4  5 |
---------------+----------------+-----
Axes           | 2 |  2.8
Armour         | 2 |  2.3
Invocations    | 3 |  3.0
Fighting       | |  3.8
Dodging        | |  0.9
Shields        | |  0.3

Action                   |  1- 3 |  4- 6 || total
-------------------------+-------+-------++-------
Melee: Hand axe          |    81 |    67 ||   148
       Kick              |    10 |    10 ||    20
Invok: Depart the Abyss  |     1 |       ||     1
  Use: Scroll            |     6 |     4 ||    10
 Stab: Paralysed         |       |     1 ||     1
  Eat: Chunk             |     1 |     2 ||     3
Armor: Leather armour    |    11 |       ||    11
       Ring mail         |    33 |    36 ||    69
Dodge: Dodged            |    27 |    25 ||    52
Block: Buckler           |    15 |    22 ||    37
